 Dungeon Crawl Stone Soup version 0.25-a0-287-g56a5b49892 (webtiles) character file.

Game seed: 7518992629611668665, levelgen mode: deterministic

118777 RedPan the Black Belt (level 16, -13/143 HPs)
             Began as a Black Draconian Transmuter on Dec 12, 2019.
             Was the Champion of Okawaru.
             Mangled by a shambling mangrove (15 damage)
             ... on level 2 of the Swamp.
             The game lasted 02:00:35 (40121 turns).

RedPan the Black Belt (Black Draconian Transmuter) Turns: 40121, Time: 02:00:35

Health: -13/143    AC: 12    Str: 12    XL:     16   Next: 26%
Magic:  25/25      EV: 23    Int: 22    God:    Okawaru [******]
Gold:   1809       SH: 20    Dex: 14    Spells: 13/27 levels left

rFire    + + +     SeeInvis +     - Unarmed
rCold    + . .     Gourm    .   R - +2 shield "Zuedwoyd" {Regen+ Int-2 SInv}
rNeg     + + .     Faith    .   (armour unavailable)
rPois    .         Spirit   .   B - +0 hat of Daisies {rN++ Int+6 Dex-4}
rElec    +         Reflect  +   M - scarf {rC+ rF+}
rCorr    .         Harm     .   D - +1 pair of gloves {Dex+3}
MR       +....                  r - +0 pair of boots
Stlth    ++........             p - amulet of the Bull {Reflect +Fly rElec rF+++ SH+6 Stlth-}
HPRegen  0.73/turn              S - +2 ring of evasion
MPRegen  0.19/turn              n - ring of see invisible

@: heroism, grasped by roots, flying, slowed, constricted, very slow
A: breathe lightning, unfitting armour, big wings, electricity resistance,
cold-blooded, AC +9
a: Breathe Lightning, Stop Flying, Heroism, Finesse, Renounce Religion


You were on level 2 of the Swamp.
You worshipped Okawaru.
Okawaru was exalted by your worship.
You were not hungry.

You visited 4 branches of the dungeon, and saw 25 of its levels.
You also visited: Ice Cave.

You collected 2422 gold pieces.
You spent 613 gold pieces at shops.

Inventory:

Missiles
 a - 579 arrows
 f - 25 javelins (quivered)
Armour
 r - a +0 pair of boots (worn)
 v - a +0 buckler
 B - the +0 hat of Daisies (worn) {rN++ Int+6 Dex-4}
   (Okawaru gifted it to you in an ice cave)

   It affects your intelligence (+6).
   It affects your dexterity (-4).
   It greatly protects you from negative energy.
 D - a +1 pair of gloves of dexterity (worn)
 H - a +2 hat of see invisible
 M - a scarf of resistance (worn)
 R - the +2 shield "Zuedwoyd" (worn) {Regen+ Int-2 SInv}
   (Okawaru gifted it to you on level 3 of the Lair of Beasts)

   It affects your intelligence (-2).
   It lets you see invisible.
   It increases your rate of regeneration.
Magical Staves
 d - an uncursed staff of fire
 C - an uncursed staff of death {unknown}
 N - an uncursed staff of power {unknown}
Jewellery
 g - an uncursed ring of ice
 n - a ring of see invisible (right hand)
 p - the amulet of the Bull (around neck) {Reflect +Fly rElec rF+++ SH+6 Stlth-}
   (You found it on level 15 of the Dungeon)

   [amulet of reflection]

   It shields you and reflects attacks.
   It renders you almost immune to fire.
   It insulates you from electricity.
   It lets you fly.
   It affects your SH (+6).
   It makes you less stealthy.
 I - an uncursed ring of resist corrosion
 S - a +2 ring of evasion (left hand)
 U - an uncursed ring of stealth
Wands
 b - a wand of random effects (17)
 h - a wand of paralysis (9)
 i - a wand of iceblast (5)
 y - a wand of digging (5)
 z - a wand of flame (13)
 F - a wand of disintegration (5)
Scrolls
 k - 8 scrolls of enchant weapon
 m - 4 scrolls of fog
 o - 10 scrolls of teleportation
 s - 4 scrolls of fear
 A - 2 scrolls of magic mapping
 J - 4 scrolls of amnesia
 P - 5 scrolls of enchant armour
Potions
 e - 6 potions of agility
 l - 4 potions of lignification
 q - 3 potions of mutation
 t - 4 potions of magic
 w - 2 potions of resistance
 x - 2 potions of berserk rage
 K - 3 potions of brilliance
 L - 4 potions of curing
 O - 2 potions of haste
 Q - a potion of heal wounds
 T - 2 potions of might
Miscellaneous
 G - a crystal ball of energy
 V - a lightning rod (4/4)
Comestibles
 c - 33 rations


   Skills:
 + Level 13.0(18.0) Fighting
 + Level 13.0(18.0) Dodging
 + Level 8.2(13.2) Shields
 + Level 16.1(21.1) Unarmed Combat
 - Level 6.3 Spellcasting
 + Level 8.8 Transmutations
 - Level 5.0 Ice Magic
 - Level 2.0 Poison Magic
 - Level 8.0 Invocations
 - Level 4.1 Evocations


You had 13 spell levels left.
You knew the following spells:

 Your Spells              Type           Power        Failure   Level  Hunger
a - Blade Hands           Tmut           #####.....   9%          5    #####..
b - Sticks to Snakes      Tmut           #####...     1%          2    None
c - Spider Form           Tmut/Pois      ####......   3%          3    #......
d - Ice Form              Ice/Tmut       #####...     6%          4    ###....

Your spell library contained the following spells:

 Spells                   Type           Power        Failure   Level  Hunger
 Beastly Appendage        Tmut           #####.       1%          1    None
 Freeze                   Ice            ####         1%          1    None
 Ensorcelled Hibernation  Hex/Ice        ###...       6%          2    None
 Animate Skeleton         Necr           N/A          11%         1    None
 Corona                   Hex            #......      11%         1    None
 Foxfire                  Conj/Fire      #...         11%         1    None
 Pain                     Necr           #...         11%         1    None
 Ozocubu's Armour         Chrm/Ice       ###.....     12%         3    #......
 Conjure Flame            Conj/Fire      #.......     32%         3    #......
 Inner Flame              Hex/Fire       #.......     32%         3    #......
 Regeneration             Chrm/Necr      #.........   32%         3    #......
 Vampiric Draining        Necr           #.........   32%         3    #......
 Hailstorm                Conj/Ice       ###.....     36%         4    ###....
 Summon Ice Beast         Ice/Summ       ###.....     36%         4    ###....
 Animate Dead             Necr           N/A          73%         4    ###....
 Leda's Liquefaction      Hex/Erth       #.........   73%         4    ###....
 Sticky Flame             Conj/Fire      #.......     73%         4    ###....
 Borgnjor's Vile Clutch   Necr/Erth      #.........   97%         5    #####..
 Fireball                 Conj/Fire      #.........   97%         5    #####..
 Silence                  Hex/Air        #.........   97%         5    #####..
 Darkness                 Hex            #.........   100%        6    ######.
 Shadow Creatures         Summ           N/A          100%        6    ######.
 Spellforged Servitor     Conj/Summ      #.........   100%        7    #######
 Discord                  Hex            #.........   100%        8    #######


Dungeon Overview and Level Annotations

Branches:
Dungeon (15/15)            Temple (0/1) D:5            Lair (6/6) D:11
  Swamp (2/4) Lair:3        Snake (0/4) Lair:2        Slime (0/5) Lair:5
    Orc (2/2) D:12            Elf (0/3) Orc:2        Vaults (0/5) D:14
 Depths (0/5) D:15          IceCv (visited)

Altars:
Ashenzari
Dithmenos
Hepliaklqana
Okawaru
Ru
Xom
Beogh
Jiyva

Shops:
D:5 [   D:11 }   Orc:2 *([%(

Annotations:
D:9 3 runed translucent doors, Quhem's ghost, novice GrFi
Lair:1 exclusion: 2 oklob plants
Orc:1 2 transporters


Innate Abilities, Weirdness & Mutations

You can breathe wild blasts of lightning.
Your glossy black scales are hard. (AC +9)
You cannot fit into any form of body armour.
Your large and strong wings let you fly indefinitely.
You are resistant to electric shocks. (rElec)
You are cold-blooded and may be slowed by cold attacks.


Message History

The shambling mangrove hits you!!
* * * LOW HITPOINT WARNING * * *
x2 The grasping roots constrict you.
The hornet stings you.
* * * LOW HITPOINT WARNING * * *
You feel as though you will be slow longer.
You can move again.
You feel much better. You block the hornet's attack. x3
The shambling mangrove hits you!!
* * * LOW HITPOINT WARNING * * *
x2 The grasping roots constrict you!
You block the hornet's attack.
The insubstantial wisp blinks! x2
Evoke which item? (* to show all) (? for menu, Esc to quit)
Okay, then.
Okay, then.
Okay, then.
As you read the scroll of fear, it crumbles to dust.
You assume a fearsome visage.
The hornet looks frightened! x2
The swamp drake looks frightened!
The insubstantial wisp is unaffected. x2
The shambling mangrove is unaffected.
The shambling mangrove hits you!
You die...

≈≈ .≈≈≈ ≈.♣ ≈♣♣
≈♣♣.≈≈≈≈.♣
.≈≈.♣♣.≈≈....♣
.≈♣......♣♣.≈♣
§.....≈≈.≈.≈.♣
♣.y♣≈≈≈.≈≈≈♣
..♣≈≈..≈.v≈≈≈♣
..≈≈.kf@.§≈≈≈♣♣♣♣♣♣♣
≈♣.≈........≈♣♣.≈..♣♣♣
♣♣..≈≈≈..§..≈.......♣♣.
♣♣y.§≈≈...≈≈≈≈≈≈≈≈.≈≈♣
♣..≈≈≈≈.v≈≈≈≈≈≈≈≈§.≈.♣
♣...§≈§.≈≈≈≈≈≈≈≈≈≈.♣♣♣
♣..[....≈§≈...≈♣≈≈♣♣
♣≈≈.≈≈...§≈...≈♣♣♣♣♣
♣≈≈.♣♣♣..≈≈≈.♣♣♣♣


You could see a shambling mangrove, 2 hornets, a swamp drake (fleeing) and 2
insubstantial wisps.

Vanquished Creatures
  Gastronok (Lair:2)
  A thorn hunter (Swamp:2)
  2 orc warlords (Orc:1)
  The ghost of Kroet the Protected, a journeyman HuWn of Yredelemnul (Orc:2)
  A stone giant (Orc:1)
  A dire elephant (D:15)
  Snorg (Orc:2)
  The ghost of Tarias the Spry, a journeyman SpEn of Gozag (Orc:2)
  Harold (D:7)
  11 hydras
  3 vault guards (D:14)
  3 centaur warriors
  A death knight (D:14)
  17 two-headed ogres
  A tengu warrior (D:14)
  2 catoblepae (Lair:6)
  4 alligators (Swamp:1)
  6 death yaks
  4 ogre magi (Orc:2)
  A deep troll shaman (Lair:6)
  3 skeletal warriors (D:13)
  Urug (Lair:1)
  An unseen horror (D:14)
  A swamp dragon (Swamp:1)
  A necromancer (IceCv)
  4 orc knights
  A wolf spider zombie (D:14)
  A wolf spider (D:15)
  2 orc sorcerers (Orc:2)
  2 deep elf magi
  8 ugly things
  6 cyclopes
  3 manticores
  2 ice statues (IceCv)
  A black mamba (Lair:1)
  9 elephants
  A gargoyle (D:15)
  14 spiny frogs
  A naga mage (D:15)
  3 kobold demonologists (D:12)
  An efreet (D:14)
  5 ice devils (IceCv)
  7 komodo dragons
  4 rime drakes
  A freezing wraith (D:14)
  A tengu conjurer (D:14)
  3 hornets
  5 polar bears
  10 trolls
  12 blink frogs
  9 tyrant leeches
  14 slime creatures
  A bog body (Swamp:2)
  A hippogriff (shapeshifter) (D:15)
  18 hippogriffs
  A dream sheep (Lair:1)
  A spriggan (D:7)
  A vampire (D:13)
  42 yaks
  Grum (D:9)
  6 basilisks
  3 wyverns
  16 vampire mosquitoes
  3 hungry ghosts
  9 swamp worms
  7 insubstantial wisps
  3 nagas (Lair:2)
  A soldier ant (D:13)
  2 wargs (Orc:2)
  11 water moccasins
  A floating eye (D:14)
  35 orc warriors
  5 swamp drakes
  6 porcupines
  A black bear (shapeshifter) (D:15)
  5 black bears
  5 ice beasts
  5 phantoms
  33 ogres
  8 wolves
  10 centaurs
  8 crocodiles
  A big kobold (D:12)
  19 bullfrogs
  A gnoll sergeant (D:6)
  2 wyvern skeletons (D:13)
  5 scorpions
  10 killer bees
  5 wights
  A howler monkey (D:6)
  6 crimson imps
  5 electric eels
  3 draconian simulacra (IceCv)
  A bullfrog zombie (D:8)
  3 centaur zombies
  2 bullfrog skeletons
  13 hounds
  6 jellies
  12 orc priests
  5 centaur skeletons
  Jessica (D:3)
  Ijyb (D:3)
  Natasha (thrice) (D:3)
  5 iguanas
  21 orc wizards
  2 troll simulacra (IceCv)
  6 worker ants
  A spriggan simulacrum (IceCv)
  A killer bee zombie (D:5)
  2 centaur simulacra (IceCv)
  A hound skeleton (D:5)
  2 worker ant zombies
  18 gnolls
  A howler monkey skeleton (D:5)
  17 adders
  A naga simulacrum (IceCv)
  An ogre simulacrum (IceCv)
  5 shadow imps
  2 oozes
  4 worms
  A dart slug (D:3)
  10 leopard geckos
  112 orcs
  8 giant cockroaches
  8 goblins
  15 hobgoblins
  18 jackals
  16 kobolds
  4 quokkas
  2 ball pythons
  12 bats
  10 frilled lizards
  A jackal zombie (D:5)
  A leopard gecko zombie (D:6)
  A quokka skeleton (D:4)
  A quokka zombie (D:7)
  7 rats
  A briar patch (Swamp:2)
  A plant (Lair:1)
873 creatures vanquished.

Vanquished Creatures (collateral kills)
  An orc (D:5)
1 creature vanquished.

Vanquished Creatures (others)
  A floating eye (D:14)
  A jelly (D:14)
  A worker ant (D:14)
  2 orcs (D:14)
  26 fungi
  13 plants
44 creatures vanquished.

Grand Total: 918 creatures vanquished

Notes
Turn   | Place    | Note
-------+----------+-------------------------------------------
     0 | D:1      | RedPan the Draconian Transmuter began the quest for the
                  | Orb.
     0 | D:1      | Reached XP level 1. HP: 16/16 MP: 3/3
   203 | D:1      | Found an iron altar of Okawaru.
   435 | D:1      | Reached XP level 2. HP: 23/24 MP: 5/5
   448 | D:1      | Became a worshipper of Warmaster Okawaru
   948 | D:1      | Reached XP level 3. HP: 29/29 MP: 4/6
   951 | D:1      | Reached skill level 1 in Invocations
  1478 | D:2      | Learned a level 2 spell: Sticks to Snakes
  1482 | D:2      | Learned a level 3 spell: Spider Form
  1708 | D:2      | Reached XP level 4. HP: 32/37 MP: 5/7
  1966 | D:2      | Reached skill level 4 in Unarmed Combat
  2470 | D:3      | Found a shadowy altar of Dithmenos.
  2647 | D:3      | Noticed Jessica
  2654 | D:3      | Killed Jessica
  2654 | D:3      | Reached XP level 5. HP: 44/45 MP: 4/8
  2794 | D:2      | Reached skill level 1 in Poison Magic
  3364 | D:3      | Noticed Ijyb
  3372 | D:3      | Killed Ijyb
  3372 | D:3      | Reached * piety under Okawaru
  3389 | D:3      | Noticed Natasha
  3398 | D:3      | Killed Natasha
  3398 | D:3      | Reached XP level 6. HP: 41/51 MP: 9/9
  3406 | D:3      | Found a shimmering altar of Xom.
  3675 | D:3      | Noticed Natasha
  3680 | D:3      | Killed Natasha
  3701 | D:3      | Noticed Natasha
  3711 | D:3      | Killed Natasha
  3711 | D:3      | Reached skill level 5 in Unarmed Combat
  4600 | D:4      | Your scales start taking on a glossy black colour.
  4600 | D:4      | Reached XP level 7. HP: 50/57 MP: 10/10
  4600 | D:4      | Gained mutation: You are resistant to electric shocks.
                  | (rElec) [Black Draconian growth]
  5176 | D:4      | Reached ** piety under Okawaru
  5238 | D:4      | Reached skill level 5 in Invocations
  5628 | D:4      | Learned a level 4 spell: Ice Form
  5629 | D:5      | Entered Level 5 of the Dungeon
  6118 | D:5      | Reached XP level 8. HP: 23/63 MP: 11/12
  6429 | D:5      | Found Xadeanay's Antique Armour Shop.
  6455 | D:5      | Bought a pair of boots for 148 gold pieces
  6505 | D:5      | Reached skill level 5 in Transmutations
  6559 | D:5      | Found a staircase to the Ecumenical Temple.
  6766 | D:5      | Reached skill level 1 in Ice Magic
  7006 | D:6      | Reached *** piety under Okawaru
  7006 | D:6      | Reached skill level 6 in Unarmed Combat
  7014 | D:6      | HP: 3/63 [scorpion (5)]
  7730 | D:6      | Found a sacrificial altar of Ru.
  8036 | D:6      | Reached XP level 9. HP: 34/69 MP: 14/14
  8392 | D:6      | Reached **** piety under Okawaru
  8688 | D:6      | Identified the Papyrus of Curses and Companions
  9012 | D:7      | Noticed Harold
  9036 | D:7      | Killed Harold
  9036 | D:7      | Reached skill level 5 in Dodging
  9036 | D:7      | Reached skill level 7 in Unarmed Combat
  9407 | D:7      | Reached ***** piety under Okawaru
  9477 | D:7      | Reached skill level 5 in Ice Magic
  9516 | D:7      | Found a shattered altar of Ashenzari.
  9634 | D:7      | Noticed a five-headed hydra
  9659 | D:7      | Killed a five-headed hydra
  9659 | D:7      | Received a gift from Okawaru
  9659 | D:7      | Reached skill level 8 in Unarmed Combat
  9659 | D:7      | Reached XP level 10. HP: 27/77 MP: 16/16
 10064 | D:7      | Found a sacrificial altar of Ru.
 10531 | D:8      | Reached skill level 1 in Shields
 10573 | D:8      | Found a hazy altar of Hepliaklqana.
 10638 | D:8      | Found a shattered altar of Ashenzari.
 11230 | D:9      | Reached skill level 5 in Spellcasting
 11256 | D:9      | Reached skill level 1 in Evocations
 11646 | D:9      | Found a runed translucent gate.
 11646 | D:9      | Found a runed translucent gate.
 11647 | D:9      | Found a runed translucent gate.
 11649 | D:9      | Noticed Quhem's ghost (novice GrFi)
 11719 | D:9      | Noticed Grum
 11747 | D:9      | Reached skill level 9 in Unarmed Combat
 11749 | D:9      | Killed Grum
 12675 | D:9      | Reached XP level 11. HP: 77/84 MP: 18/18
 12861 | D:9      | Identified the +5 dagger of the First Lovers {drain, *Noise
                  | Str+10 Int+3}
 12893 | D:10     | Entered Level 10 of the Dungeon
 14178 | D:11     | Received a gift from Okawaru
 14179 | D:11     | Got a warped quick blade {god gift}
 14221 | D:11     | Identified the +6 quick blade "Ogoarejy" {antimagic, rPois
                  | rC+} (Okawaru gifted it to you on level 11 of the Dungeon)
 14325 | D:11     | Found a staircase to the Lair.
 15248 | D:11     | Noticed a deep elf mage
 15253 | D:11     | Killed a deep elf mage
 15294 | D:11     | Found Gofraekh's Gadget Emporium.
 15429 | D:11     | Received a gift from Okawaru
 15701 | Lair:1   | Entered Level 1 of the Lair of Beasts
 15701 | Lair:1   | Noticed Urug
 15724 | Lair:1   | Killed Urug
 15874 | Lair:1   | Noticed an oklob plant
 15997 | Lair:1   | Reached skill level 10 in Unarmed Combat
 17140 | Lair:1   | Learned a level 5 spell: Blade Hands
 17154 | Lair:1   | Noticed an oklob plant
 17654 | Lair:2   | Noticed a six-headed hydra
 17675 | Lair:2   | Killed a seven-headed hydra
 17776 | Lair:2   | Reached XP level 12. HP: 74/92 MP: 19/19
 18157 | Lair:2   | Found a staircase to the Snake Pit.
 18343 | Lair:2   | HP: 1/93 [blink frog (9)]
 18414 | Lair:2   | Reached skill level 5 in Fighting
 18822 | Lair:2   | Noticed Gastronok
 18835 | Lair:2   | Killed Gastronok
 18835 | Lair:2   | Received a gift from Okawaru
 18835 | Lair:2   | Reached skill level 11 in Unarmed Combat
 20349 | Lair:3   | Received a gift from Okawaru
 20359 | Lair:3   | Got a distressingly furry shield {god gift}
 20710 | Lair:3   | Found a staircase to the Swamp.
 21175 | Lair:3   | Identified the +2 shield "Zuedwoyd" {Regen+ Int-2 SInv}
                  | (Okawaru gifted it to you on level 3 of the Lair of Beasts)
 21470 | Lair:4   | Noticed a five-headed hydra
 21926 | Lair:4   | Noticed an eight-headed hydra
 21943 | Lair:4   | Killed an eight-headed hydra
 21944 | Lair:4   | Noticed a death yak
 21957 | Lair:4   | Killed a death yak
 22310 | Lair:4   | Reached XP level 13. HP: 85/105 MP: 22/22
 23356 | Lair:5   | Found a viscous altar of Jiyva.
 23361 | Lair:5   | Found a staircase to the Slime Pits.
 23455 | Lair:5   | Reached skill level 12 in Unarmed Combat
 23686 | Lair:6   | Entered Level 6 of the Lair of Beasts
 23722 | Lair:5   | Received a gift from Okawaru
 24303 | Lair:6   | HP: 3/107 [four-headed hydra (10)]
 24918 | Lair:6   | Reached skill level 10 in Dodging
 25176 | Lair:5   | HP: 5/107 [eight-headed hydra (3)]
 25919 | Lair:6   | Reached ****** piety under Okawaru
 26339 | Lair:6   | Received a gift from Okawaru
 26510 | Lair:6   | Reached skill level 13 in Unarmed Combat
 26780 | Lair:6   | Gained mutation: Your large and strong wings let you fly
                  | indefinitely. [Black Draconian growth]
 26780 | Lair:6   | Reached XP level 14. HP: 91/119 MP: 23/23
 26808 | Lair:6   | Reached skill level 10 in Fighting
 27623 | D:12     | Found a frozen archway.
 27644 | IceCv    | Entered an ice cave
 27885 | IceCv    | Received a gift from Okawaru
 27886 | IceCv    | Got a faintly glowing hat {god gift}
 27897 | IceCv    | Identified the +0 hat of Daisies {rN++ Int+6 Dex-4}
                  | (Okawaru gifted it to you in an ice cave)
 28685 | D:12     | Found a staircase to the Orcish Mines.
 28712 | D:12     | Identified the ring of Zin's Outrage {rPois rC++ Str+2
                  | Stlth+}
 30631 | D:14     | Reached skill level 14 in Unarmed Combat
 30680 | D:14     | Paralysed by a floating eye for 2 turns
 30970 | D:14     | Received a gift from Okawaru
 31450 | D:14     | Reached skill level 5 in Shields
 31462 | D:14     | Found a gate to the Vaults.
 31471 | D:14     | Paralysed by a floating eye for 3 turns
 31978 | D:15     | Entered Level 15 of the Dungeon
 32294 | D:15     | Found a staircase to the Depths.
 32315 | D:15     | Received a gift from Okawaru
 32315 | D:15     | Reached XP level 15. HP: 97/130 MP: 13/24
 33381 | D:15     | Got a crude platinum amulet
 33753 | Orc:1    | Entered Level 1 of the Orcish Mines
 33786 | Orc:1    | Noticed an orc warlord
 33799 | Orc:1    | Killed an orc warlord
 33912 | D:12     | Reached skill level 15 in Unarmed Combat
 34346 | Orc:1    | Found Mehaleq's Antique Weapon Shop.
 34423 | Orc:2    | Entered Level 2 of the Orcish Mines
 34470 | Orc:2    | Noticed an orc warlord
 34590 | Orc:1    | Received a gift from Okawaru
 35203 | Orc:1    | Killed an orc warlord
 36522 | Orc:2    | Found Noschi's Antique Armour Boutique.
 36632 | Orc:2    | Found Xakyunomo's Antique Weapon Shoppe.
 36632 | Orc:2    | Found Kedde's Food Boutique.
 36632 | Orc:2    | Found Etwure's Antique Weapon Emporium.
 36751 | Orc:2    | Found a runed translucent gate.
 36751 | Orc:2    | Found a runed translucent gate.
 36751 | Orc:2    | Found a runed translucent gate.
 36751 | Orc:2    | Noticed Kroet's ghost (journeyman HuWn)
 36752 | Orc:2    | Noticed Tarias's ghost (journeyman SpEn)
 36903 | Orc:2    | Found Biutuq's Assorted Antiques.
 36919 | Orc:2    | Noticed Snorg
 36936 | Orc:2    | Killed Snorg
 36951 | Orc:2    | Bought a hardcover book for 465 gold pieces
 36956 | Orc:2    | Found a staircase to the Elven Halls.
 37435 | Orc:2    | Killed Kroet's ghost
 37456 | Orc:2    | Killed Tarias's ghost
 38085 | Orc:1    | Received a gift from Okawaru
 38177 | Orc:1    | Found a transporter.
 38183 | Orc:1    | Found a roughly hewn altar of Beogh.
 38183 | Orc:1    | Found a transporter.
 38183 | Orc:1    | Noticed an orc warlord
 38370 | Swamp:1  | Entered Level 1 of the Swamp
 38433 | Swamp:1  | Reached XP level 16. HP: 122/141 MP: 25/25
 38816 | Swamp:1  | Reached skill level 16 in Unarmed Combat
 39515 | Swamp:1  | Identified the amulet of the Bull {Reflect +Fly rElec rF+++
                  | SH+6 Stlth-} (You found it on level 15 of the Dungeon)
 39876 | Swamp:2  | Noticed a thorn hunter
 39888 | Swamp:2  | Killed a thorn hunter
 40118 | Swamp:2  | Paralysed by a hornet for 1 turns
 40120 | Swamp:2  | HP: 1/143 [shambling mangrove (14)]
 40121 | Swamp:2  | Mangled by a shambling mangrove

Levels and vault maps discovered:
D:1:      mainiacjoe_arrival_reflecting_pool, layout_loops_cross,
          minmay_stone_trees_medium, okawaru_ov_weapons_minmay
D:2:      layout_loops_cross, dk_noncrumbling_4, minmay_heptomino_w4
D:3:      layout_rooms, nicolae_overflow_crystal_walls, first_ration,
          kennysheep_donut, nicolae_dithmenos_shadow_blocks, uniq_ijyb,
          uniq_jessica, uniq_natasha
D:4:      layout_basic
D:5:      layout_gridville, minmay_temple_entry_hall, serial_shops,
          nicolae_shop_trees, grunt_ministairs_6, hangedman_decor_growths
D:6:      minmay_recursive_quarters, layout_loops_corners, grunt_ministairs_9,
          nicolae_ru_great_annihilating_truth
D:7:      layout_basic, lemuel_crystal_altar, kennysheep_mini_moat, the_bakery,
          uniq_harold
D:8:      layout_loops_ring, lemuel_crystal_altar, basic_altar
D:9:      layout_layer_cave, gammafunk_ghost_nasty_kobolds, uniq_grum
D:10:     layout_basic, special_room [special_room_orc]
D:11:     layout_cross, david_lair_generic, serial_shops, kennysheep_little_box
D:12:     layout_loops_ring, orc_0_dummy, portal_ice_cave_rime,
          nicolae_straight_to_the_point
D:13:     layout_layer_cave
D:14:     layout_roguey, lightli_vaults_fourway_checkpoint, onia_ninara_cookie
D:15:     hangedman_depths_entry_try_elsewhere_first, layout_basic,
          minmay_door_square, st_stairs_8
Lair:1:   layout_gridlike, serial_bayou_shore_b, minmay_lair_oklob_chamber,
          wad_woods_river_01, uniq_urug
Lair:2:   layout_roguey, guppyfry_snake_entry_island, lemuel_fruit_tree,
          uniq_gastronok
Lair:3:   layout_long_grid, minmay_swamp_entry_swarm, grunt_megastairs_4
Lair:4:   layout_cave_pods, beast_lair_carwin_4
Lair:5:   layout_concentric_octagons, slime_altar_1, lemuel_fruit_fields,
          grunt_megastairs_1
Lair:6:   grunt_lair_end_beastmaster, layout_gridlike, grunt_megastairs_2
Swamp:1:  layout_basic_swamp, serial_swamp_ruin, evilmike_swamp_ruin_rubble_1,
          evilmike_swamp_ruin_house_2, swamp_pool1, hangedman_swamp_wriggling
Swamp:2:  layout_basic_swamp, hangedman_swamp_blocks
Orc:1:    gammafunk_beogh_shrine, layout_diamond_mine, serial_shops, shop,
          special_room [special_room_orc]
Orc:2:    st_orc_ogre_mass, layout_diamond_mine, gammafunk_ghost_cemetery,
          serial_shops, nicolae_shop_trees, uniq_snorg

Skill      XL: |  1  2  3  4  5  6  7  8  9 10 11 12 13 14 15 16 |
---------------+-------------------------------------------------+-----
Fighting       | 2 3 4 7 9 11 12 13 | 13.0
Invocations    | 1 2 3 4 5 6 7 8 |  8.0
Unarmed Combat | 4 5 6 8 9 10 11 13 14 15 16 | 16.1
Poison Magic   | 2 |  2.0
Transmutations | 3 4 5 8 |  8.8
Dodging        | 2 4 6 7 8 9 11 12 13 | 13.0
Ice Magic      | 2 5 |  5.0
Spellcasting   | 3 4 5 6 |  6.3
Shields        | 3 4 5 7 8 |  8.2
Evocations     | 2 4 |  4.1

Action                   |  1- 3 |  4- 6 |  7- 9 | 10-12 | 13-15 | 16-18 || total
-------------------------+-------+-------+-------+-------+-------+-------++-------
Melee: Unarmed           |   149 |   217 |   455 |   795 |  1434 |   248 ||  3298
       Kick              |    13 |     9 |       |       |       |       ||    22
       Tailslap          |    12 |    11 |     7 |    71 |   187 |    26 ||   314
       Punch             |     4 |     1 |     1 |     9 |    60 |     5 ||    80
       Headbutt          |     7 |     2 |       |       |       |       ||     9
 Cast: Beastly Appendage |    24 |    12 |       |       |       |       ||    36
       Spider Form       |       |    19 |    55 |     7 |     1 |       ||    82
       Sticks to Snakes  |       |       |     6 |       |     4 |       ||    10
       Ice Form          |       |       |     2 |    33 |     1 |       ||    36
       Blade Hands       |       |       |       |    26 |   102 |    10 ||   138
Invok: Heroism           |       |       |     2 |     3 |     7 |     2 ||    14
       Finesse           |       |       |       |     2 |     3 |       ||     5
 Abil: Breathe Lightning |       |       |     1 |     1 |       |       ||     2
       Fly               |       |       |       |       |     1 |       ||     1
Evoke: Wand              |       |       |     6 |    21 |     9 |       ||    36
  Use: Scroll            |     3 |     3 |     6 |    22 |    11 |     3 ||    48
       Potion            |       |       |     3 |     3 |     3 |     1 ||    10
 Stab: Sleeping          |     2 |       |     2 |       |     1 |       ||     5
       Confused          |       |       |       |       |     2 |       ||     2
       Paralysed         |       |       |       |       |     4 |       ||     4
  Eat: Chunk             |     3 |     8 |    23 |    42 |    63 |     5 ||   144
       Ration            |       |     1 |     1 |     5 |     7 |     1 ||    15
Armor: Skin              |    47 |    36 |    37 |    97 |   216 |    27 ||   460
Dodge: Dodged            |   101 |   158 |   344 |   435 |  1059 |   116 ||  2213
Block: Other             |       |       |       |    70 |   147 |    11 ||   228
       Buckler           |       |       |       |   111 |   231 |       ||   342
       Reflection        |       |       |       |     6 |    16 |     1 ||    23
       Shield            |       |       |       |       |    52 |    97 ||   149

Table legend:
 A = Non-vault XP
 B = Vault XP
 C = Vault XP percentage of total XP
 D = Non-vault monster count
 E = Vault monster count
 F = Vault count percentage of total count
                 A         B        C        D         E       F
            +---------+---------+-------+---------+---------+-------
      Total |   98547 |   71135 |  41.9 |     645 |     225 |  25.9
            +---------+---------+-------+---------+---------+-------
        D:1 |      66 |       0 |   0.0 |      38 |       0 |   0.0
        D:2 |      68 |      35 |  34.0 |      29 |       7 |  19.4
        D:3 |     284 |     109 |  27.7 |      26 |       3 |  10.3
        D:4 |     535 |       0 |   0.0 |      25 |       0 |   0.0
        D:5 |     726 |      57 |   7.3 |      29 |       4 |  12.1
        D:6 |     770 |     592 |  43.5 |      21 |      17 |  44.7
        D:7 |    1982 |    1259 |  38.8 |      27 |       2 |   6.9
        D:8 |    1448 |       0 |   0.0 |      28 |       0 |   0.0
        D:9 |    2622 |     426 |  14.0 |      25 |       3 |  10.7
       D:10 |     687 |     593 |  46.3 |       8 |      17 |  68.0
       D:11 |    2610 |     584 |  18.3 |      16 |       3 |  15.8
       D:12 |    8686 |    1909 |  18.0 |      53 |       9 |  14.5
       D:13 |    4377 |       0 |   0.0 |      23 |       0 |   0.0
       D:14 |    3530 |   12655 |  78.2 |      19 |      30 |  61.2
       D:15 |   11240 |    3014 |  21.1 |      33 |       5 |  13.2
     Lair:1 |    1267 |    3311 |  72.3 |       9 |       9 |  50.0
     Lair:2 |    4724 |    2699 |  36.4 |      18 |       4 |  18.2
     Lair:3 |    4000 |    1175 |  22.7 |      14 |       6 |  30.0
     Lair:4 |    6013 |    1859 |  23.6 |      18 |       5 |  21.7
     Lair:5 |    5264 |    1451 |  21.6 |      19 |       5 |  20.8
     Lair:6 |    8637 |   10181 |  54.1 |      31 |      20 |  39.2
    Swamp:1 |   10085 |    1285 |  11.3 |      29 |       6 |  17.1
    Swamp:2 |    6720 |       0 |   0.0 |      19 |       0 |   0.0
      Orc:1 |    7882 |    2528 |  24.3 |      51 |       9 |  15.0
      Orc:2 |    4324 |   21757 |  83.4 |      37 |      43 |  53.8
      IceCv |       0 |    3656 | 100.0 |       0 |      18 | 100.0
            +---------+---------+-------+---------+---------+-------
